Map: White Rabbit LE

Players

BabyDietCoke

  • Race: Zerg Zerg
  • League: Diamond
  • Spawn Location: 1:00

Bufurd - Winner!

  • Race: Protoss Protoss
  • League: Diamond
  • Spawn Location: 7:00

VOD

Have the link to the VOD?

Description

Time

  • Played on: April 18, 2026, 11:24 a.m.
  • Length: 7:05
Show
View Real Time Build Order
Export as new Build Order

BabyDietCoke Zerg 

Build Orders: Hatch First 

Get SALT Encoding   

  12  0:00  Drone  
  13  0:08  Drone  
  14  0:14  Extractor  
  14  0:16  Drone  
  15  0:31  Overlord  
  15  0:46  Hatchery  
  15  0:49  Drone  
  15  0:51  Drone  
  15  0:55  Drone  
  17  1:04  Drone  
  17  1:09  Extractor  
  17  1:15  Spawning Pool  
  17  1:18  Drone  
  17  1:22  Drone  
  18  1:33  Drone  
  19  1:45  Drone  
  20  1:55  Drone  
  20  1:59  Overlord  
  21  2:01  Queen  
  21  2:02  Queen  
  21  2:05  Drone  
  26  2:10  Drone  
  27  2:16  Drone  
  27  2:19  Drone  
  29  2:27  Drone  
  30  2:30  Drone  
  31  2:42  Evolution Chamber  
  31  2:43  Roach Warren  
  29  2:44  Drone  
  29  2:49  Lair  
  30  2:52  Evolution Chamber  
  30  2:53  Drone x3  
  30  2:58  Overlord  
  32  3:02  Extractor  
  32  3:03  Drone  
  32  3:04  Extractor  
  31  3:08  Zerg Missile Weapons Level 1  
  31  3:13  Drone  
  31  3:14  Drone  
  33  3:23  Drone x2  
  33  3:24  Drone x2  
  37  3:29  Drone  
  37  3:30  Drone  
  37  3:31  Drone  
  40  3:35  Overlord  
  40  3:37  Drone  
  41  3:45  Zerg Ground Armor Level 1  
  41  3:54  Drone x3  
  41  3:55  Drone  
  45  3:59  Overlord, Extractor  
  45  4:01  Glial Reconstitution  
  44  4:07  Drone x2  
  46  4:11  Drone x2  
  46  4:14  Roach  
  46  4:16  Roach  
  52  4:29  Roach x3  
  52  4:30  Roach  
  60  4:32  Overlord  
  60  4:34  Overlord  
  60  4:51  Roach x4  
  60  4:52  Roach x3  
  74  4:55  Overlord  
  74  4:57  Overlord  
  74  5:00  Roach  
  76  5:14  Roach x3  
  82  5:28  Spore Crawler  
  82  5:30  Spore Crawler  
  82  5:33  Hydralisk Den  
  79  5:37  Spore Crawler  
  79  5:39  Spore Crawler  
  79  5:41  Roach x3  
  83  5:43  Overlord x2  
  77  5:52  Hatchery  
  66  5:59  Roach  
  66  6:00  Roach x2  
  66  6:03  Hydralisk x3  
  76  6:10  Hydralisk x2  
  76  6:21  Ravager  
  76  6:22  Ravager  
  76  6:23  Hydralisk x2  
  60  6:43  Roach  
  60  6:44  Roach x2  
Show
View Real Time Build Order
Export as new Build Order

Bufurd Protoss - Winner!

Build Orders: 1 Gate Expand 

Get SALT Encoding   

  12  0:00  Probe  
  13  0:13  Probe  
  14  0:17  Pylon  
  14  0:24  Probe  
  15  0:33  Probe  
  15  0:38  Gateway  
  15  0:41  Probe  
  16  0:49  Assimilator  
  17  0:51  Probe  
  18  1:03  Probe  
  19  1:16  Probe  
  20  1:26  Nexus  
  20  1:37  Cybernetics Core  
  20  1:44  Pylon  
  20  1:46  Probe  
  21  1:52  Assimilator  
  21  1:58  Probe  
  22  2:06  Probe  
  22  2:12  Adept  
  25  2:18  Probe  
  25  2:20  Stargate  
  26  2:30  Probe  
  26  2:32  Gateway  
  26  2:34  Probe  
  26  2:35  Warp Gate  
  27  2:38  Probe  
  27  2:42  Probe  
  29  2:46  Probe  
  31  2:52  Probe  
  31  2:56  Probe  
  31  2:58  Adept  
  34  3:04  Probe  
  36  3:08  Probe  
  36  3:10  Void Ray  
  37  3:17  Probe  
  42  3:23  Probe  
  43  3:29  Twilight Council  
  43  3:31  Pylon  
  43  3:50  Gateway, Charge  
  43  3:51  Gateway  
  43  3:53  Gateway  
  43  3:59  Gateway  
  43  4:03  Pylon  
  43  4:21  Pylon  
  43  4:22  Void Ray  
  43  4:25  Gateway  
  43  4:27  Gateway  
  47  4:32  Zealot x2  
  51  4:45  Zealot  
  53  4:46  Probe  
  53  4:47  Probe  
  55  4:52  Pylon  
  55  4:54  Pylon  
  55  5:02  Zealot x4  
  55  5:03  Zealot  
  65  5:09  Pylon  
  65  5:10  Pylon  
  65  5:15  Void Ray  
  65  5:19  Pylon  
  69  5:27  Zealot x2  
  73  5:29  Zealot  
  75  5:43  Zealot x3  
  75  5:44  Pylon  
  75  5:45  Zealot  
  81  5:54  Zealot x3  
  91  6:09  Void Ray  
  91  6:13  Zealot  
  91  6:14  Zealot x2  
  97  6:27  Zealot x4  
  87  6:51  Zealot x7  
Tags
 
Add a new tag
Caveats
  • Supply blocks, unpowered buildings, or Contaminate may cause inaccurate times.
  • Supply counts are checked every 10 seconds.